 Dungeon Sprint DCSS version 0.20.1-1-g8b1a95d (webtiles) character file.

41778 KingStallion the Slayer (level 14, -12/143 HPs)
             Began as a Barachi Berserker on Oct 23, 2017.
             Was the Champion of Trog.
             Mangled by an ettin
             ... wielding a +0 dire flail
              (15 damage)
             ... while paralysed by a floating eye
             ... in the Dungeon (Sprint IX: "|||||||||||||||||||||||||||||").
             The game lasted 00:22:36 (2440 turns).

KingStallion the Slayer (Barachi Berserker)         Turns: 2440, Time: 00:22:37

Health: -12/143    AC: 29    Str: 24    XL:     14   Next: 16%
Magic:  6/6        EV:  2    Int:  8    God:    Trog [******]
Gold:   1709       SH:  0    Dex: 14    Spells: 13/13 levels left

rFire    . . .     SeeInvis .   C - +4 double sword (antimagic)
rCold    . . .     Gourm    .   o - +2 large shield
rNeg     . . .     Faith    .   F - +3 plate armour
rPois    .         Spirit   .   (no helmet)
rElec    .         Reflect  .   D - +1 cloak
rCorr    .         Harm     .   n - +0 pair of gloves
MR       .....     NoTele   +   r - +1 pair of boots
Stlth    ..........             z - amulet of regeneration
Regen    0.8/turn               G - +3 ring of strength
MPRegen  0.1/turn               q - +2 ring of evasion

@: paralysed, vulnerable, berserk cooldown, slowed, slow
A: +LOS, swims, slowness 1, strong legs 2
a: Hop, Berserk, Trog's Hand, Brothers in Arms, Burn Spellbooks, Renounce
Religion


You were in the Dungeon.
You worshipped Trog.
Trog was exalted by your worship.
You were very hungry.

You visited 1 branch You collected 1909 gold pieces.
You spent 200 gold pieces at shops.

Inventory:

Hand Weapons
 a - the +2 scimitar "Kilubliv" {drain, rElec Dex+4}
   (You found it in the Dungeon)

   A truly terrible weapon, it drains the life of those it strikes.
   It affects your dexterity (+4).
   It insulates you from electricity.
 b - a +2 scimitar of flaming
 m - a +2 demon blade of venom
 C - a +4 antimagic double sword (weapon)
Missiles
 s - 5 poisoned javelins
 E - 5 poisoned tomahawks
 O - 2 tomahawks of returning (quivered)
Armour
 n - a +0 pair of gloves (worn)
 o - a +2 large shield (worn)
 r - a +1 pair of boots (worn)
 D - a +1 cloak (worn)
 F - a +3 plate armour (worn)
Jewellery
 q - a +2 ring of evasion (right hand)
 z - an amulet of regeneration (around neck)
 G - a +3 ring of strength (left hand)
Wands
 l - a wand of iceblast (4/15)
 p - a wand of polymorph (10/24)
 t - a wand of polymorph (5/24)
 H - a wand of paralysis (5/24)
 L - a wand of random effects (26/48)
Scrolls
 i - 4 scrolls of blinking
 k - 3 scrolls of remove curse
 v - 3 scrolls of identify
 x - 2 scrolls of enchant weapon
 y - 3 scrolls of enchant armour
 I - a scroll of fear
 J - a scroll of recharging
 K - a scroll of fog
Potions
 d - 7 potions of curing
 e - 5 potions of heal wounds
 f - 3 potions of haste
 g - 4 potions of magic
 h - a potion of berserk rage
 j - 2 potions of invisibility
 u - 2 potions of might
 w - a potion of lignification
Comestibles
 c - 13 bread rations
 A - 34 fruits
 B - 12 meat rations


   Skills:
 * Level 23.5 Fighting
 * Level 23.0 Long Blades
 + Level 3.2 Throwing
 * Level 19.0 Armour
 + Level 7.6 Dodging
 + Level 0.2 Stealth
 * Level 13.5 Shields
 + Level 9.0 Evocations


You had 13 spell levels left.
You didn't know any spells.

Dungeon Overview and Level Annotations

Branches:
Dungeon (1/1)

Altars:
Cheibriados
Dithmenos
Elyvilon
Fedhas
Gozag
Hepliaklqana
Kikubaaqudgha
Makhleb
Nemelex Xobeh
Okawaru
Qazlal
Ru
Sif Muna
Trog
Uskayaw
Vehumet
Xom
Yredelemnul
Zin
The Shining One
Beogh
Jiyva
Lugonu

Shops:
D (*(*


Innate Abilities, Weirdness & Mutations

Shadows flee at your approach. (+LOS)
You can swim through water.
You cover ground slowly.
You can hop longer distances.


Message History

The yaktaur is almost dead.
You open the yaktaur like a pillowcase!!!
You kill the yaktaur!
Trog accepts your kill.
You are no longer berserk.
You are exhausted.
You feel yourself slow down. You block the ettin's attack.
The ettin hits you but does no damage.
The floating eye gazes piercingly through you!
You suddenly lose the ability to move!
The ettin barely misses you. The ettin hits you with a dire flail.
The floating eye's stare focuses on you.
The ettin hits you but does no damage. The ettin hits you with a dire flail!!
* * * LOW HITPOINT WARNING * * *
The floating eye gazes piercingly through you!
You shrug off the repeated paralysis!
The ettin hits you with a dire flail!
* * * LOW HITPOINT WARNING * * *
The ettin hits you with a dire flail!
You die...

▓▓▓▓▓▓▓▓▓▓▓▓▓▓▓▓▓▓▓▓▓▓▓▓▓
.....GyC@()(....(........
▓▓▓▓▓▓▓▓▓▓▓▓▓▓▓▓▓▓▓▓▓▓▓▓▓▓▓▓▓▓▓▓▓
.......................).........
♣♣▓▓▓▓▓▓▓▓▓▓▓▓▓▓▓▓▓▓▓▓▓▓▓▓▓▓▓▓▓▓▓
.).[.......†††...)))))...........
♣♣▓▓▓▓▓▓▓▓▓▓▓▓▓▓▓▓▓▓▓▓▓▓▓▓▓▓▓▓▓▓▓
.................................
▓▓▓▓▓▓▓▓▓▓▓▓▓▓▓▓▓▓▓▓▓▓▓▓▓▓▓▓▓▓▓▓▓
...!..[[[[[[[.)))))))).===='.....


You could see an ettin, a spark wasp and a floating eye.

Vanquished Creatures
  A tentacled monstrosity (D)
  2 liches (D)
  A frost giant (D)
  A fire giant (D)
  A very ugly thing (D)
  A stone giant (D)
  A spark wasp (D)
  Snorg (D)
  A merfolk impaler (D)
  Erolcha (D)
  2 hydras (D)
  An ice dragon (D)
  An alligator (D)
  Erica (D)
  An ogre mage (D)
  A shock serpent (D)
  A deep troll earth mage (D)
  A deep troll (D)
  A swamp dragon (D)
  A glowing orange brain (D)
  A sea snake (D)
  An orc knight (D)
  A naga ritualist (D)
  A harpy (D)
  2 wolf spiders (D)
  An orc sorcerer (D)
  Maurice (D)
  A black mamba (D)
  A merfolk siren (D)
  A manticore (D)
  A water nymph (D)
  Psyche (D)
  A black mamba (shapeshifter) (D)
  2 spiny frogs (D)
  A yaktaur (D)
  A rime drake (D)
  A komodo dragon (D)
  2 merfolk (D)
  A polar bear (D)
  A troll (D)
  A meliai (D)
  2 tyrant leeches (D)
  3 hippogriffs (D)
  3 blink frogs (D)
  A redback (D)
  2 yaks (D)
  Eustachio (D)
  A water elemental (D)
  A wraith (D)
  A porcupine (D)
  A floating eye (D)
  A sky beast (D)
  2 ice beasts (D)
  3 orc warriors (D)
  A phantom (D)
  A centaur (D)
  7 crocodiles (D)
  4 bullfrogs (D)
  A killer bee (D)
  2 crimson imps (D)
  2 hounds (D)
  A jelly (D)
  3 orc priests (D)
  2 orc wizards (D)
  A worker ant (D)
  An adder skeleton (D)
  A leopard gecko (D)
  2 orcs (D)
  A goblin (D)
  2 hobgoblins (D)
  2 kobolds (D)
102 creatures vanquished.

Vanquished Creatures (collateral kills)
  2 thorn hunters (D)
  A spark wasp (D)
  Josephine (D)
  3 naga warriors (D)
  A hydra (D)
  2 ogre magi (D)
  A centaur warrior (D)
  An orc high priest (D)
  An unseen horror (D)
  3 deep trolls (D)
  4 orc knights (D)
  A wolf spider (D)
  2 naga magi (D)
  A spiny frog (D)
  2 demonic crawlers (D)
  A yaktaur (D)
  6 trolls (D)
  2 jumping spiders (D)
  A tyrant leech (D)
  2 hornets (D)
  A spriggan (D)
  3 wraiths (D)
  2 basilisks (D)
  A vampire mosquito (D)
  A naga (D)
  2 orc warriors (D)
  An orc priest (D)
  2 orc wizards (D)
  4 orcs (D)
  A bat zombie (D)
56 creatures vanquished.

Grand Total: 158 creatures vanquished

Notes
Turn   | Place    | Note
-------+----------+-------------------------------------------
     0 | D        | KingStallion the Barachi Berserker began the quest for the Orb.
     0 | D        | Reached XP level 1. HP: 18/18 MP: 1/1
     8 | D        | Reached ** piety under Trog
    54 | D        | Noticed a phantom
    54 | D        | Noticed a hound
    54 | D        | Noticed an ice beast
    54 | D        | Noticed an orc priest
    63 | D        | Killed an orc priest
    63 | D        | Reached skill level 5 in Long Blades
    63 | D        | Reached XP level 2. HP: 28/28 MP: 2/2
    63 | D        | Reached XP level 3. HP: 34/34 MP: 3/3
    68 | D        | Killed an ice beast
    68 | D        | Reached *** piety under Trog
    68 | D        | Reached XP level 4. HP: 29/44 MP: 4/4
    68 | D        | Reached XP level 5. HP: 32/49 MP: 5/5
   128 | D        | HP: 2/51 [phantom (10)]
   142 | D        | Killed a phantom
   142 | D        | Reached skill level 10 in Long Blades
   142 | D        | Reached skill level 5 in Armour
   142 | D        | Reached XP level 6. HP: 31/60 MP: 6/6
   178 | D        | Found a roughly hewn altar of Beogh.
   178 | D        | Found a snail-covered altar of Cheibriados.
   178 | D        | Found a shadowy altar of Dithmenos.
   178 | D        | Found a white marble altar of Elyvilon.
   178 | D        | Found a blossoming altar of Fedhas.
   178 | D        | Found an opulent altar of Gozag.
   178 | D        | Found a hazy altar of Hepliaklqana.
   179 | D        | Found a viscous altar of Jiyva.
   180 | D        | Found an ancient bone altar of Kikubaaqudgha.
   181 | D        | Found a corrupted altar of Lugonu.
   182 | D        | Found a burning altar of Makhleb.
   183 | D        | Found a sparkling altar of Nemelex Xobeh.
   184 | D        | Found an iron altar of Okawaru.
   185 | D        | Found a stormy altar of Qazlal.
   186 | D        | Found a sacrificial altar of Ru.
   187 | D        | Found a deep blue altar of Sif Muna.
   188 | D        | Found a bloodstained altar of Trog.
   189 | D        | Found a hide-covered altar of Uskayaw.
   190 | D        | Found a radiant altar of Vehumet.
   192 | D        | Found a shimmering altar of Xom.
   193 | D        | Found a basalt altar of Yredelemnul.
   194 | D        | Found a glowing silver altar of Zin.
   195 | D        | Found a glowing golden altar of the Shining One.
   213 | D        | Got the +2 scimitar "Kilubliv" {drain, rElec Dex+4}
   248 | D        | Noticed a sky beast
   248 | D        | Noticed a troll
   253 | D        | Killed a troll
   253 | D        | Reached XP level 7. HP: 37/68 MP: 7/7
   262 | D        | Received a gift from Trog
   262 | D        | Reached **** piety under Trog
   380 | D        | Noticed a six-headed hydra
   380 | D        | Noticed a hippogriff
   408 | D        | Killed a hippogriff
   408 | D        | Reached XP level 8. HP: 76/78 MP: 8/8
   413 | D        | Killed an unseen horror
   413 | D        | Reached skill level 5 in Dodging
   417 | D        | Killed a six-headed hydra
   417 | D        | Received a gift from Trog
   419 | D        | Reached skill level 15 in Long Blades
   419 | D        | Reached XP level 9. HP: 76/86 MP: 9/9
   461 | D        | Noticed Maurice
   484 | D        | Killed Maurice
   581 | D        | Noticed a spiny frog
   588 | D        | Killed a spiny frog
   588 | D        | Reached skill level 10 in Armour
   591 | D        | Reached skill level 15 in Fighting
   610 | D        | Received a gift from Trog
   618 | D        | Reached ***** piety under Trog
   622 | D        | Received a gift from Trog
   622 | D        | Reached skill level 1 in Evocations
   633 | D        | Noticed a komodo dragon
   633 | D        | Noticed a four-headed hydra
   633 | D        | Noticed a rime drake
   633 | D        | Noticed a seven-headed hydra
   642 | D        | Noticed a polar bear
   644 | D        | Killed a four-headed hydra
   644 | D        | Reached XP level 10. HP: 95/98 MP: 10/10
   646 | D        | Killed a seven-headed hydra
   703 | D        | Noticed a spiny frog
   725 | D        | Killed a spiny frog
   819 | D        | Noticed Erolcha
   827 | D        | Killed Erolcha
   827 | D        | Received a gift from Trog
   827 | D        | Reached XP level 11. HP: 106/109 MP: 12/12
   961 | D        | Noticed an orc high priest
   986 | D        | Killed an orc high priest
   991 | D        | Received a gift from Trog
  1048 | D        | Noticed an orc knight
  1048 | D        | Noticed an orc knight
  1048 | D        | Noticed an orc knight
  1048 | D        | Noticed an orc knight
  1054 | D        | Killed an orc knight
  1059 | D        | Killed an orc knight
  1066 | D        | Killed an orc knight
  1071 | D        | Noticed an orc knight
  1076 | D        | Noticed an orc sorcerer
  1083 | D        | Killed an orc knight
  1106 | D        | Paralysed by an orc sorcerer for 2 turns
  1110 | D        | Killed an orc sorcerer
  1113 | D        | Killed an orc knight
  1120 | D        | Received a gift from Trog
  1154 | D        | Found Maxkagych's Assorted Antiques.
  1154 | D        | Noticed an ogre mage
  1154 | D        | Noticed an ogre mage
  1154 | D        | Noticed a deep troll
  1158 | D        | Killed a deep troll
  1159 | D        | Found Tacvaimi's Antique Weapon Shop.
  1161 | D        | Noticed a deep troll
  1162 | D        | Killed an ogre mage
  1167 | D        | Killed an ogre mage
  1167 | D        | Received a gift from Trog
  1168 | D        | Killed a deep troll
  1170 | D        | Received a gift from Trog
  1173 | D        | Found Riymauw's General Store.
  1180 | D        | Found Kaitosm's Antique Weapon Shop.
  1183 | D        | Noticed a deep troll
  1184 | D        | Bought a scroll labeled ROGIRU ILULA for 20 gold pieces
  1184 | D        | Bought a scratched iron ring for 100 gold pieces
  1184 | D        | Bought a bronze wand for 80 gold pieces
  1187 | D        | Killed a deep troll
  1190 | D        | Noticed an ogre mage
  1192 | D        | Noticed a deep troll
  1207 | D        | Killed an ogre mage
  1207 | D        | Reached skill level 5 in Evocations
  1213 | D        | Killed a deep troll
  1213 | D        | Received a gift from Trog
  1213 | D        | Reached XP level 12. HP: 69/121 MP: 15/15
  1294 | D        | Noticed Josephine
  1303 | D        | Killed Josephine
  1314 | D        | Noticed Erica
  1352 | D        | Killed Erica
  1352 | D        | Reached skill level 15 in Armour
  1399 | D        | Noticed Psyche
  1434 | D        | Killed Psyche
  1434 | D        | Received a gift from Trog
  1571 | D        | Noticed a centaur warrior
  1582 | D        | Received a gift from Trog
  1587 | D        | Noticed a cyan very ugly thing
  1587 | D        | Killed a centaur warrior
  1587 | D        | Reached skill level 1 in Shields
  1597 | D        | Killed a cyan very ugly thing
  1625 | D        | Noticed a fire giant
  1643 | D        | Reached skill level 1 in Throwing
  1650 | D        | Killed a fire giant
  1650 | D        | Received a gift from Trog
  1650 | D        | Reached ****** piety under Trog
  1653 | D        | Got a crude great sword {god gift}
  1656 | D        | Noticed an ice dragon
  1668 | D        | Killed an ice dragon
  1758 | D        | Noticed Snorg
  1778 | D        | Killed Snorg
  1821 | D        | Noticed a merfolk impaler
  1835 | D        | Killed a merfolk impaler
  1835 | D        | Reached skill level 5 in Shields
  1856 | D        | Received a gift from Trog
  1874 | D        | Gained mutation: You can hop longer distances. [Barachi growth]
  1874 | D        | Reached XP level 13. HP: 81/130 MP: 19/19
  1907 | D        | Identified the +8 great sword of Righteous Fury {slice, *Corrode rElec Str+6} (Trog gifted it to you in the Dungeon)
  1928 | D        | Noticed a spark wasp
  1945 | D        | Received a gift from Trog
  1954 | D        | Killed a spark wasp
  2023 | D        | Noticed a thorn hunter
  2023 | D        | Noticed a thorn hunter
  2036 | D        | Received a gift from Trog
  2039 | D        | Killed a thorn hunter
  2039 | D        | Received a gift from Trog
  2041 | D        | Killed a thorn hunter
  2056 | D        | Received a gift from Trog
  2104 | D        | Reached skill level 10 in Shields
  2125 | D        | Received a gift from Trog
  2141 | D        | Received a gift from Trog
  2313 | D        | Noticed Eustachio
  2323 | D        | Killed Eustachio
  2357 | D        | Noticed a lich
  2357 | D        | Noticed a tentacled monstrosity
  2357 | D        | Noticed a spark wasp
  2357 | D        | Noticed a frost giant
  2357 | D        | Noticed a lich
  2361 | D        | Noticed a stone giant
  2380 | D        | Killed a lich
  2380 | D        | Received a gift from Trog
  2389 | D        | Noticed an ettin
  2400 | D        | Noticed a spark wasp
  2400 | D        | Killed a tentacled monstrosity
  2406 | D        | Killed a frost giant
  2407 | D        | Paralysed by a floating eye for 3 turns
  2417 | D        | Killed a lich
  2417 | D        | Reached XP level 14. HP: 69/143 MP: 6/20
  2420 | D        | Received a gift from Trog
  2421 | D        | Paralysed by a floating eye for 4 turns
  2432 | D        | Killed a stone giant
  2437 | D        | Paralysed by a floating eye for 4 turns
  2440 | D        | HP: 3/143 [ettin/dire flail (17)]
  2440 | D        | Mangled by an ettin

Skill      XL: |  1  2  3  4  5  6  7  8  9 10 11 12 13 14 |
---------------+-------------------------------------------+-----
Long Blades    | 5 8 10 11 13 15 16 18 20 21 22 23 | 23.0
Fighting       | 6 8 9 11 12 13 15 18 20 21 23 | 23.5
Armour         | 3 4 5 6 8 9 11 13 14 16 18 19 | 19.0
Dodging        | 3 4 5 6 7 |  7.6
Evocations     | 1 2 5 8 9 |  9.0
Shields        | 6 12 13 | 13.5
Throwing       | 2 3 |  3.2
Stealth        | |  0.2

Action                   |  1- 3 |  4- 6 |  7- 9 | 10-12 | 13-15 || total
-------------------------+-------+-------+-------+-------+-------++-------
Melee: Falchion          |    19 |    27 |       |       |       ||    46
       Scimitar          |       |     4 |    75 |   268 |    50 ||   397
       Double sword      |       |       |       |       |    64 ||    64
       Demon blade       |       |       |       |       |     9 ||     9
Throw: Tomahawk          |       |       |       |     9 |     6 ||    15
Invok: Trog's Hand       |     1 |     5 |     3 |    15 |     7 ||    31
       Berserk           |     1 |     1 |       |       |     2 ||     4
       Brothers in Arms  |       |       |     5 |     9 |     5 ||    19
 Abil: Hop               |       |     1 |       |       |       ||     1
Evoke: Wand              |       |       |     1 |     3 |     3 ||     7
  Use: Scroll            |       |       |       |     1 |     1 ||     2
       Potion            |       |       |       |       |     1 ||     1
  Eat: Chunk             |       |       |     6 |    12 |     4 ||    22
       Fruit             |       |       |       |     1 |     5 ||     6
Armor: Animal skin       |     1 |       |       |       |       ||     1
       Plate armour      |       |     2 |    53 |   111 |    85 ||   251
       Skin              |       |       |     4 |       |       ||     4
Dodge: Dodged            |     7 |    14 |    38 |    86 |    46 ||   191
Block: Large shield      |       |       |       |   100 |    89 ||   189
       Rpst.: Falchion   |     1 |     3 |       |       |       ||     4
       Scimitar          |       |     2 |     6 |    18 |     5 ||    31
       Double sword      |       |       |       |       |     1 ||     1
